 Dungeon Crawl Stone Soup version 0.30.0-29-ga12c61a403 (webtiles) character file.

Game seed: 16204441292662649491

211 ChadusMaximus the Shield-Bearer (level 6, -3/49 HPs)
             Began as a Formicid Fighter on June 18, 2023.
             Was an Initiate of Okawaru.
             Killed by divine providence
             ... invoked by an orc priest
              (16 damage)
             ... on level 4 of the Dungeon.
             The game lasted 00:02:41 (3097 turns).

ChadusMaximus the Shield-Bearer (Formicid Fighter)  Turns: 3097, Time: 00:02:42

Health: -3/49      AC: 10    Str: 23    XL:     6   Next: 13%
Magic:  6/6        EV: 23    Int:  7    God:    Okawaru [......]
Gold:   196        SH:  5    Dex: 13    Spells: 5/5 levels left

rFire   . . .        a - +0 war axe
rCold   . . .        c - +0 buckler
rNeg    . . .        h - +0 chain mail
rPois   .            (helmet unavailable)
rElec   .            (no cloak)
rCorr   .            p - +0 pair of gloves
SInv    +            (no boots)
Will    .....        o - amulet of the acrobat Stlth
                     (no ring)
HPRegen 0.28/turn    (no ring)
MPRegen 0.10/turn

%: acrobat
@: acrobatic
A: permanent stasis, dig shafts and tunnels, antennae 3, four strong arms
a: Dig, Shaft Self, Renounce Religion


You were on level 4 of the Dungeon.
You worshipped Okawaru.
Okawaru was noncommittal.
You visited 2 branches of the dungeon, and saw 5 of its levels.

You collected 196 gold pieces.

Inventory:

Hand Weapons
 a - a +0 war axe (weapon)
 l - a +1 antimagic sling
Missiles
 v - 6 javelins
Armour
 b - a +0 scale mail
 c - a +0 buckler (worn)
 h - a +0 chain mail (worn)
 p - a +0 pair of gloves (worn)
Jewellery
 o - an amulet of the acrobat (around neck)
Wands
 r - a wand of mindburst (13)
 w - a wand of acid (13)
 x - a wand of paralysis (2)
Scrolls
 f - a scroll of fog {unknown}
 g - 8 scrolls of identify {unknown}
 i - 3 scrolls of teleportation {unknown}
 k - a scroll of blinking {unknown}
 q - a scroll of vulnerability {unknown}
 t - 2 scrolls of noise {unknown}
 u - a scroll of immolation {unknown}
Potions
 d - 4 potions of might
 e - 2 potions of brilliance {unknown}
 j - a potion of mutation {unknown}
 m - a potion of invisibility {unknown}
 n - a potion of attraction {unknown}
 s - a potion of curing {unknown}


   Skills:
 + Level 4.3 Fighting
 + Level 3.1 Axes
 * Level 1.4 Throwing
 + Level 4.4 Armour
 + Level 5.3 Shields


You had 5 spell levels left.
You didn't know any spells.
Your spell library contained the following spells:

 Spells                   Type           Power      Damage    Failure   Level
 Slow                     Hex            0%         N/A       97%         1
 Poisonous Vapours        Pois/Air       0%         N/A       99%         2
 Confusing Touch          Hex            0%         N/A       100%        3
 Mephitic Cloud           Conj/Pois/Air  0%         N/A       100%        3
 Vampiric Draining        Necr           0%         2d6       100%        3
 Freezing Cloud           Conj/Ice/Air   0%         6-21      100%        5
 Summon Small Mammal      Summ           Unusable   N/A       N/A         1
 Call Canine Familiar     Summ           Unusable   N/A       N/A         3
 Summon Guardian Golem    Hex/Summ       Unusable   N/A       N/A         3

Dungeon Overview and Level Annotations

Branches:
Dungeon (4/15)             Temple (1/1) D:4

Altars:
Ashenzari
Dithmenos
Gozag
Kikubaaqudgha
Makhleb
Okawaru
Uskayaw
Wu Jian
Xom
Zin
The Shining One
Jiyva


Innate Abilities, Weirdness & Mutations

You cannot be hasted, slowed, berserked, paralysed or teleported.
You can dig through walls and to a lower floor.
You have a pair of large antennae on your head. (SInv)
Your four strong arms can wield two-handed weapons with a shield.


Message History

You kill the ball python!
Okawaru accepts your kill.
Found 3 poisoned darts.
No target in view!
Found a dagger.
No target in view!
You see here a +0 dagger.
You sense a monster nearby.
No target in view!
You sense a monster nearby.
No target in view!
You see here the +0 ring mail of Fortification {rElec Regen+ Str+4 Int-4 Stlth+}.
No target in view!
The orc priest shouts!
You hear a shout! x3
The orc priest shouts! x3
An orc priest is nearby!
No reachable target in view!
No reachable target in view!
An orc priest is nearby!
No reachable target in view!
Okay, then.
The orc priest miscasts a cantrip.
The orc priest completely misses you.
You barely miss the orc priest. You block the orc priest's attack.
You slash the orc priest!
The orc priest is heavily wounded.
The orc priest calls down the wrath of Beogh upon you.
Beogh smites you! The orc priest hits you with a +0 whip.
The orc priest calls down the wrath of Beogh upon you.
Beogh smites you!
The orc priest invokes the aid of Beogh against you.
Beogh smites you!
* * * LOW HITPOINT WARNING * * *
You barely miss the orc priest. You hit the orc priest.
The orc priest completely misses you. The orc priest barely misses you.
Unknown command.
The orc priest casts a cantrip, but nothing happens.
The orc priest invokes the aid of Beogh against you.
Beogh smites you!
You die...

#.......# #.#####.......##
#.##.##.# #.####..###...#
#.##..#.# ##+#.....###...##
#.##)...###....###..##....#
#.###.#.##.....#.#[..##...#
#..##.#.#....###.###......#
#######............#..:..#.......
.................oo#o#.###......#
#######...#.##..@.oo.#.#......#.#
##.##.###......###..##.##.# #
####.# ##.........######.# ## ..#
##...###### #.# .# ### ##+## #.#
## #.# # #.#


You could see 5 orc priests.

Vanquished Creatures
  A jelly (D:4)
  A hound (D:4)
  Ijyb (D:3)
  6 adders
  A worm (D:4)
  A dart slug (D:1)
  An orc (D:4)
  7 ball pythons
  9 bats
  5 endoplasms
  8 giant cockroaches
  3 hobgoblins
  3 jackals (D:1)
  6 kobolds
  4 frilled lizards
  3 goblins
  7 rats
67 creatures vanquished.

Notes
Turn   | Place    | Note
-------+----------+-------------------------------------------
     0 | D:1      | ChadusMaximus the Formicid Fighter began the quest for the
                  | Orb.
     0 | D:1      | Reached XP level 1. HP: 18/18 MP: 1/1
   113 | D:1      | Reached XP level 2. HP: 24/24 MP: 2/2
   404 | D:1      | Reached XP level 3. HP: 29/29 MP: 3/3
   772 | D:2      | Found a faded altar of an unknown god.
  1512 | D:3      | Reached XP level 4. HP: 36/37 MP: 4/4
  1738 | D:3      | Noticed Ijyb
  1752 | D:3      | Killed Ijyb
  1753 | D:3      | Reached XP level 5. HP: 36/42 MP: 5/5
  2015 | D:3      | Reached skill level 5 in Shields
  2470 | D:4      | Reached skill level 1 in Throwing
  2503 | D:4      | Reached XP level 6. HP: 43/49 MP: 6/6
  2616 | D:4      | Found a staircase to the Ecumenical Temple.
  2809 | Temple   | Entered the Ecumenical Temple
  2939 | Temple   | Became a worshipper of Warmaster Okawaru
  3079 | D:4      | Identified the +0 ring mail of Fortification {rElec Regen+
                  | Str+4 Int-4 Stlth+}
  3097 | D:4      | Killed from afar by an orc priest

Illustrated notes

Levels and vault maps discovered:
D:1:      dpeg_arrival_three_same_balls, layout_basic, minmay_worlds_worst_comb
D:2:      layout_basic, hellmonk_ecumenical_altar_lost_god
D:3:      layout_basic, nrook_campfire, uniq_ijyb
D:4:      layout_loops_corners, minmay_temple_entry_arrows,
          minmay_a_box_with_orc_wizards_in_it
Temple:   pf_slime_end_temple

Skill      XL: |  1  2  3  4  5 |
---------------+----------------+-----
Fighting       | 4 |  4.3
Armour         | 4 |  4.4
Shields        | 5 |  5.3
Axes           | 3 |  3.1
Throwing       | 1 |  1.4

Action                     |  1- 3 |  4- 6 || total
---------------------------+-------+-------++-------
  Melee: War axe           |   106 |   107 ||   213
 Armour: Scale mail        |    31 |       ||    31
         Chain mail        |    25 |    71 ||    96
  Dodge: Dodged            |    52 |    78 ||   130
  Block: Buckler           |    30 |    38 ||    68
